 Dungeon Crawl Stone Soup version 0.31.0-11-ge490571c62 (webtiles) character file.

Game seed: 53310171406258968

14 FilipinaBountyHunter the Ducker (level 2, -2/22 HPs)
             Began as a Human Gladiator on Jan 29, 2024.
             Succumbed to a gnoll's poison
             ... on level 2 of the Dungeon.
             The game lasted 00:01:37 (348 turns).

FilipinaBountyHunter the Ducker (Human Gladiator)    Turns: 348, Time: 00:01:38

Health: -2/22      AC:  4    Str: 14    XL:     2   Next: 45%
Magic:  2/2        EV: 12    Int:  8    God:
Gold:   10         SH:  0    Dex: 14    Spells: 1/1 levels left

rFire   . . .        a - +0 quarterstaff
rCold   . . .        (shield currently unavailable)
rNeg    . . .        b - +0 leather armour
rPois   .            c - +0 helmet
rElec   .            (no cloak)
rCorr   .            (no gloves)
SInv    .            (no boots)
Will    .....        (no amulet)
Stlth   +            (no ring)
HPRegen 0.23/turn    (no ring)
MPRegen 0.08/turn

%: no passive effects
@: lethally poisoned (-2 -> -17), hasted, very quick
A: explore regen
a: no special abilities


You were on level 2 of the Dungeon.
You visited 1 branch of the dungeon, and saw 2 of its levels.

You collected 10 gold pieces.

Inventory:

Hand Weapons
 a - a +0 quarterstaff (weapon)
Missiles
 d - 3 throwing nets
Armour
 b - a +0 leather armour (worn)
 c - a +0 helmet (worn)


   Skills:
 * Level 2.0 Fighting
 * Level 3.1 Staves
 * Level 2.0 Throwing
 * Level 0.2 Armour
 * Level 3.2 Dodging
 * Level 0.6 Stealth
 * Level 0.3 Spellcasting


You had one spell level left.
You didn't know any spells.
Your spell library contained the following spells:

 Spells                   Type           Power      Damage    Failure   Level
 Apportation              Tloc           0%         N/A       50%         1
 Necrotise                Necr           0%         1d4       50%         1
 Sting                    Conj/Alch      0%         1d3       50%         1
 Summon Small Mammal      Summ           0%         N/A       50%         1


Dungeon Overview and Level Annotations

Branches:
Dungeon (2/15)

Altars:


Innate Abilities, Weirdness & Mutations

You regain HP and MP as you explore.


Message History

You climb downwards.
There is a stone staircase leading up here.
A goblin comes into view. It is wielding a +0 club.
The goblin moves out of view.
The goblin shouts!
Throw: javelin
Press: ? - help, Q - select action, (/) - cycle Shift-Dir - straight line, f - goblin
Aim: a goblin, wielding a +0 club (50% to hit)
You throw a javelin. The javelin pierces through the goblin!
You kill the goblin!
Unknown command.
Things that are here:
a +0 club; a goblin corpse
e - a javelin 2 gnolls come into view.
A gnoll is wielding a +1 spear of venom.
The gnoll shouts!
You hear a shout! x2
The gnoll shouts!
A gnoll comes into view. It is wielding a +0 club.
The gnoll attacks as it pursues you!
The gnoll hits you from afar with a +1 spear of venom.
You are poisoned.
You feel sick. The gnoll attacks as it pursues you!
The gnoll hits you from afar with a +1 spear of venom!
You are lethally poisoned!
You feel very sick.
Throw: javelin
Press: ? - help, Q - select action, (/) - cycle Shift-Dir - straight line, f - gnoll
Aim: a gnoll, wielding a +1 spear of venom (61% to hit)
You throw a javelin. The javelin pierces through the gnoll!
The gnoll is severely wounded.
The javelin barely misses the gnoll.
The javelin pierces through the gnoll!
The gnoll is almost dead.
* * * LOW HITPOINT WARNING * * *
You feel very sick.
The gnoll hits you from afar with a +1 spear of venom.
* * * LOW HITPOINT WARNING * * *
You are more poisoned.
It was a potion of haste.
You feel yourself speed up.
You die...

... #(#
#g# #.#
#g# #.#
#g#
########.#
.......#@#
#####....#
.........#
#####..)##
##..# ##.#
#.# #
#.###.#
#.....#


You could see 3 gnolls.

Vanquished Creatures
  An endoplasm (D:1)
  3 goblins
  A hobgoblin (D:1)
  A kobold (D:1)
  5 bats (D:1)
  2 rats (D:1)
13 creatures vanquished.

Notes
Turn   | Place    | Note
-------+----------+-------------------------------------------
     0 | D:1      | FilipinaBountyHunter the Human Gladiator began the quest
                  | for the Orb.
     0 | D:1      | Reached XP level 1. HP: 16/16 MP: 1/1
   207 | D:1      | Reached XP level 2. HP: 22/22 MP: 2/2
   348 | D:2      | Succumbed to a gnoll's poison

Illustrated notes

Levels and vault maps discovered:
D:1:      orjb1_lava_funnel, layout_rooms, serial_shops, shop, eino_curves_04,
          minmay_misc_feat_four_crosses
D:2:      layout_loops_ring, chequers_serial_rivers_marsh, uniq_sigmund

Action                     || total
---------------------------++-------
  Melee: Quarterstaff      ||    45
  Throw: Javelin           ||     2
    Use: Scroll            ||     2
         Potion            ||     1
 Armour: Leather armour    ||    62
  Dodge: Dodged            ||    61
